Map: Lerilak Crest

Players

BravO - Winner!

  • Race: Terran Terran
  • League: Master

호로록 (DRG)

  • Race: Zerg Zerg
  • League: Grandmaster

Event: Team Gravity's Fight Night #36

VOD

https://youtu.be/mDOyxl6cnkg?t=56m33s

Description

Time

  • Played on: Oct. 25, 2015, 9:12 p.m.
  • Length: 12:28

All games in this series

Show
View Real Time Build Order
Export as new Build Order

BravO Terran - Winner!

Build Orders: Liberator Opening, Reaper Expand, MMM Bio 

Get SALT Encoding   

  12  0:00  SCV  
  13  0:13  SCV  
  14  0:19  Supply Depot  
  14  0:25  SCV  
  15  0:41  SCV  
  15  0:42  Barracks  
  16  0:47  Refinery  
  16  0:53  SCV  
  17  1:05  SCV  
  18  1:17  SCV  
  19  1:29  Orbital Command  
  19  1:31  Reaper  
  20  1:38  Command Center  
  20  1:44  Refinery  
  20  1:55  SCV  
  20  1:57  Supply Depot  
  21  2:03  Barracks Reactor  
  21  2:07  SCV  
  22  2:19  SCV  
  22  2:22  Factory  
  23  2:31  SCV  
  24  2:40  Marine x2  
  24  2:43  SCV  
  27  2:51  Orbital Command  
  27  2:55  SCV  
  28  3:08  SCV  
  28  3:09  Starport  
  29  3:14  Hellion x2  
  29  3:17  SCV  
  34  3:20  SCV  
  34  3:21  Supply Depot  
  35  3:28  Liberator  
  35  3:29  SCV  
  35  3:32  SCV  
  37  3:36  Hellion x2  
  41  3:41  SCV  
  41  3:44  SCV  
  41  3:47  Armory  
  46  3:51  Supply Depot  
  46  3:53  SCV  
  47  3:56  SCV  
  47  3:57  Barracks Tech Lab  
  47  3:59  Hellion  
  47  4:00  Hellion  
  52  4:06  SCV  
  52  4:08  SCV  
  54  4:14  Supply Depot  
  54  4:18  SCV, Liberator  
  54  4:21  SCV, Hellion x2  
  60  4:30  SCV  
  61  4:33  SCV  
  65  4:42  SCV, Hellion x2, Supply Depot  
  70  4:55  SCV  
  70  4:58  SCV  
  69  5:01  Liberator  
  69  5:04  Hellion x2  
  71  5:07  SCV  
  71  5:10  SCV  
  67  5:18  Stimpack  
  67  5:19  SCV, Marauder  
  73  5:22  SCV  
  73  5:24  Command Center  
  73  5:27  Hellion x2  
  78  5:32  SCV  
  78  5:34  SCV  
  76  5:41  Marauder  
  76  5:43  Supply Depot x2  
  76  5:44  Liberator  
  75  5:50  Hellion x2, Orbital Command  
  76  6:02  Marauder  
  74  6:11  Hellion  
  74  6:12  Hellion  
  74  6:16  Hellion  
  76  6:23  Refinery  
  72  6:28  SCV x2  
  71  6:35  Hellion x2  
  75  6:40  SCV x2  
  75  6:41  Marauder  
  79  6:47  Command Center  
  79  6:55  SCV x2  
  81  7:02  Barracks, Marauder  
  81  7:07  SCV x2, Barracks  
  85  7:15  Medivac  
  87  7:19  SCV x2  
  87  7:21  Refinery  
  89  7:23  Refinery  
  89  7:26  Marine  
  89  7:27  Supply Depot  
  90  7:31  SCV  
  90  7:33  SCV  
  92  7:40  Combat Shields  
  92  7:47  Marauder  
  92  7:49  Barracks x2  
  94  7:51  SCV x2  
  94  7:57  Medivac  
  98  7:59  Factory Reactor  
  98  8:01  Barracks Tech Lab, Orbital Command  
  98  8:03  SCV x2  
  100  8:09  Engineering Bay  
  100  8:11  Engineering Bay  
  100  8:15  Marine x2  
  100  8:16  Marine  
  100  8:18  SCV x2  
  105  8:21  Marine  
  106  8:27  Supply Depot  
  106  8:29  Supply Depot  
  106  8:41  Medivac  
  106  8:42  Marine x2, Marauder x2  
  106  8:47  SCV x2, Orbital Command  
  110  8:52  Barracks Tech Lab x2  
  108  8:56  Hellion x3  
  108  8:57  Terran Infantry Weapons Level 1, Terran Infantry Armor Level 1  
  108  9:00  Marine x2  
  110  9:02  Barracks  
  110  9:04  Barracks, Marauder x2  
  110  9:06  SCV x2  
  116  9:12  Concussive Shells, Marauder  
  116  9:13  Marauder  
  120  9:18  Marine x2  
  124  9:25  Marauder x2  
  124  9:27  Supply Depot  
  124  9:28  Supply Depot  
  126  9:34  Marauder x2  
  126  9:37  SCV x3  
  133  9:44  Medivac x2  
  136  9:46  Marauder, Marine x2  
  136  9:49  Marauder  
  136  9:50  Barracks Tech Lab  
  136  9:52  Barracks Tech Lab  
  142  9:53  Supply Depot  
  142  9:54  Supply Depot  
  142  9:56  Marauder x2  
  146  10:05  Marine x2  
  146  10:07  Supply Depot  
  146  10:11  Marauder x3  
  146  10:12  Marauder  
  154  10:17  Marauder  
  153  10:25  Medivac x2  
  153  10:27  Marauder  
  159  10:28  Marine x2  
  159  10:32  Supply Depot, Marauder x2, Marine  
  159  10:35  Marauder  
  168  10:39  Marauder  
  170  10:48  Marauder, Marine x2  
  174  10:50  Marauder  
  174  10:54  Marauder x2  
  180  11:00  Marauder x2  
  184  11:04  Supply Depot  
  184  11:06  Supply Depot  
  184  11:09  Marauder  
  186  11:12  Marauder  
  184  11:23  Medivac  
  176  11:30  Marauder x3  
  176  11:32  Marauder x2  
  184  11:33  Marauder  
  166  11:50  Marine x2  
  166  11:51  Marauder x3  
  166  11:53  Marauder x2  
  174  11:54  Command Center, Marauder  
  163  12:08  Marine x2  
Show
View Real Time Build Order
Export as new Build Order

호로록 Zerg 

Build Orders: Hatch First, Roach Nydus 

Get SALT Encoding   

  12  0:01  Drone  
  13  0:12  Overlord  
  13  0:17  Drone  
  14  0:30  Drone x2  
  14  0:34  Drone  
  17  0:45  Drone  
  18  0:56  Hatchery  
  17  0:57  Drone  
  17  0:59  Extractor  
  17  1:12  Spawning Pool  
  17  1:15  Drone  
  17  1:18  Drone  
  18  1:28  Drone  
  19  1:38  Overlord  
  19  1:59  Queen  
  19  2:00  Zergling x4  
  23  2:01  Metabolic Boost  
  23  2:08  Queen  
  23  2:09  Drone  
  23  2:12  Drone  
  27  2:21  Drone  
  28  2:23  Drone  
  29  2:31  Drone  
  29  2:32  Drone  
  29  2:35  Queen  
  33  2:47  Drone  
  32  2:51  Overlord  
  32  2:53  Drone  
  32  2:54  Drone  
  34  3:02  Lair, Drone  
  35  3:06  Drone  
  35  3:09  Overlord  
  35  3:11  Drone x2  
  38  3:13  Drone  
  39  3:20  Drone x3  
  39  3:25  Drone  
  39  3:26  Drone  
  44  3:31  Drone  
  44  3:32  Extractor  
  44  3:35  Extractor  
  44  3:36  Overlord  
  43  3:41  Roach Warren  
  43  3:45  Drone x4  
  43  3:47  Drone  
  47  3:49  Drone  
  47  3:51  Drone x2  
  50  3:59  Queen  
  52  4:04  Nydus Network  
  52  4:05  Overseer  
  51  4:10  Queen  
  51  4:16  Overlord  
  53  4:22  Roach x3  
  59  4:28  Overlord  
  59  4:37  Overlord  
  59  4:38  Roach  
  60  4:41  Roach x2  
  60  4:42  Roach  
  60  4:43  Spore Crawler  
  64  4:46  Roach x2  
  64  4:52  Roach  
  70  4:55  Roach x3  
  76  5:04  Nydus Canal  
  74  5:10  Roach x3  
  74  5:11  Roach  
  74  5:13  Queen  
  82  5:17  Roach  
  84  5:39  Overlord  
  84  5:44  Overlord  
  84  5:46  Queen  
  69  6:18  Roach x2  
  71  6:22  Drone  
  71  6:23  Drone  
  71  6:24  Drone x3  
  72  6:25  Drone  
  72  6:26  Drone x3, Queen  
  72  6:28  Extractor  
  72  6:31  Hatchery, Drone, Glial Reconstitution  
  75  6:33  Drone  
  75  6:37  Nydus Canal  
  75  6:38  Drone  
  77  6:44  Drone  
  78  6:53  Hatchery  
  77  6:55  Drone  
  78  7:05  Drone  
  78  7:06  Drone x3  
  78  7:07  Drone x3  
  85  7:11  Overlord  
  85  7:16  Evolution Chamber  
  85  7:17  Hydralisk Den, Roach  
  85  7:18  Evolution Chamber  
  84  7:28  Overlord  
  84  7:30  Overlord  
  84  7:33  Drone  
  85  7:41  Spore Crawler  
  85  7:43  Spore Crawler, Drone  
  87  7:44  Drone x7  
  87  7:46  Muscular Augments  
  87  7:47  Zerg Missile Weapons Level 1, Zerg Ground Armor Level 1  
  91  7:53  Drone  
  91  7:58  Drone x2  
  94  8:01  Drone  
  94  8:03  Overlord  
  94  8:05  Overlord  
  95  8:09  Extractor  
  95  8:11  Drone x3  
  97  8:13  Queen  
  97  8:14  Overlord, Extractor  
  98  8:22  Hydralisk x3  
  98  8:23  Hydralisk x2  
  98  8:25  Overlord  
  107  8:34  Hydralisk x3  
  107  8:35  Hydralisk  
  109  8:46  Hydralisk x2  
  110  8:52  Hydralisk x2  
  110  8:55  Drone x3  
  116  9:01  Overlord  
  117  9:13  Overlord  
  117  9:15  Overlord  
  117  9:21  Hatchery  
  117  9:24  Roach x4  
  124  9:31  Roach x3  
  130  9:44  Ravager  
  130  9:45  Ravager x13  
  144  9:49  Roach x3  
  152  9:53  Roach x2  
  152  9:59  Roach x3  
  160  10:03  Zerg Missile Weapons Level 2  
  160  10:06  Roach  
  160  10:11  Roach  
  160  10:12  Roach x2  
  166  10:16  Roach x2  
  168  10:27  Lurker Den  
  161  10:38  Roach x5  
  161  10:42  Roach x2  
  175  10:46  Roach  
  173  10:52  Roach  
  173  10:53  Roach x2  
  176  11:01  Overseer x2  
  176  11:02  Spore Crawler  
  175  11:05  Roach  
  177  11:14  Roach  
  177  11:15  Roach x2  
  172  11:27  Roach  
  172  11:28  Roach x2  
  151  11:48  Roach x6  
  151  11:49  Roach  
  136  12:08  Roach x6  

Tags
 
Add a new tag
Caveats
  • Supply blocks, unpowered buildings, or Contaminate may cause inaccurate times.
  • Supply counts are checked every 10 seconds.